 Dungeon Crawl Stone Soup version 0.29-a0-266-gf56f883ddd (webtiles) character file.

Game seed: 14619738431383651001

4 frimble the Skirmisher (level 1, -2/20 HPs)
             Began as a Djinni Cinder Acolyte on Mar 7, 2022.
             Was a High Priest of Ignis.
             Frozen to death by an endoplasm (6 damage)
             ... on level 1 of the Dungeon.
             The game lasted 00:00:42 (184 turns).

frimble the Skirmisher (Djinni Cinder Acolyte)       Turns: 184, Time: 00:00:42

Health: -2/20      AC:  5    Str: 13    XL:     1   Next: 77%
Gold:   6          EV: 10    Int: 15    God:    Ignis [*****.] SH:  0 Dex:  8

rFire   + + +      SeeInvis .     - Unarmed
rCold   x . .      Faith    .   (no shield)
rNeg    . . .      Spirit   .   b - +0 ring mail
rPois   ∞          Reflect  .   (no helmet)
rElec   .          Harm     .   (no cloak)
rCorr   .          Rampage  .   (no gloves)
Will    .....                   (boots unavailable)
Stlth   ..........              (no amulet)
HPRegen 0.06/turn               (no ring)
MPRegen 0.00/turn               (no ring)

@: flying
A: sickness immunity, fire resistance 2, cold vulnerability 1, float, innate
caster, HP casting, extra vitality 1
a: Renounce Religion, Fiery Armour, Foxfire Swarm, Rising Flame


You were on level 1 of the Dungeon.
You worshipped Ignis.
Ignis was extremely pleased with you.
You visited 1 branch of the dungeon, and saw 1 of its levels.

You collected 6 gold pieces.

Inventory:

Armour
 a - a +0 helmet
 b - a +0 ring mail (worn)


   Skills:
 + Level 3.1 Fighting
 + Level 0.0 Armour
 - Level 3.0 Unarmed Combat
 + Level 2.5 Spellcasting


You had 3 spell levels left.
You knew the following spells:

 Your Spells              Type           Power      Damage    Failure   Level
a - Scorch                Fire           18%        2d6       26%         2
Your spell library was empty.

Dungeon Overview and Level Annotations

Branches:
Dungeon (1/15)

Altars:


Innate Abilities, Weirdness & Mutations

You are immune to sickness and miasma.
You are immune to poison.
Your flesh is very heat resistant. (rF++)
You are vulnerable to cold. (rC-)
You float through the air rather than walking.
You learn spells naturally, not from books.
Your magical power is your life essence.
You have superior vitality. (+4 MHP)


Message History

The bat closely misses you. The endoplasm barely misses you.
The endoplasm attacks as you move away! The endoplasm hits you.
* * * LOW HITPOINT WARNING * * *
The bat hits you but does no damage. The bat hits you but does no damage.
The endoplasm attacks as you move away!
The endoplasm hits you but does no damage.
The endoplasm attacks as you move away! The endoplasm barely misses you.
The endoplasm attacks as you move away! The endoplasm hits you.
* * * LOW HITPOINT WARNING * * *
The bat hits you but does no damage. The endoplasm attacks as you move away!
The endoplasm barely misses you. The bat attacks as you move away!
The bat hits you but does no damage. The bat barely misses you.
The endoplasm attacks as you move away! The endoplasm barely misses you.
The bat hits you but does no damage. The bat closely misses you. x2
The bat attacks as you move away! The bat closely misses you.
The bat misses you.
The quokka bites you but does no damage.
The quokka attacks as you move away!
The quokka bites you but does no damage.
The bat closely misses you. The bat hits you but does no damage.
The bat attacks as you move away! The bat barely misses you.
The bat closely misses you. The bat hits you but does no damage.
The bat hits you but does no damage. The bat hits you but does no damage.
The bat misses you. The bat misses you. The bat attacks as you move away!
The bat hits you but does no damage. The bat barely misses you.
There is a stone staircase leading down here.
The bat hits you but does no damage. The quokka bites you.
* * * LOW HITPOINT WARNING * * *
You barely miss the bat. The bat barely misses you. x2
The endoplasm freezes you.
You are frozen.
You feel a terrible chill!
You die...

#....#b#..#..# .#
#....#.#..#..#..##
#....#r####..#....
#....#.b......#.#
#....#####.#..#.#
#..>.####.......#.#
#.......#..#....#.#
#..........#.#.b#.#
#.......##....r@#.#
#...[†.........J#.#
########.....##.#.#
#.###.##.#.#### #.#
#.........## #.#
####.####..#
..#......# ##.##
#.#.###### #..# ..#
##.#


You could see an endoplasm, a quokka and a bat.

Vanquished Creatures
  A bat (D:1)
  A giant cockroach (D:1)
  A hobgoblin (D:1)
  A rat (D:1)
4 creatures vanquished.

Notes
Turn   | Place    | Note
-------+----------+-------------------------------------------
     0 | D:1      | frimble the Djinni Cinder Acolyte began the quest for the
                  | Orb.
     0 | D:1      | Reached XP level 1. HP: 20/20 MP: 0/0
   184 | D:1      | Frozen to death by an endoplasm

Illustrated notes

Levels and vault maps discovered:
D:1:      saegor_arrival_simple_c, layout_basic

Action                   || total
-------------------------++-------
Melee: Unarmed           ||    24
       Punch             ||     1
Armor: Ring mail         ||    22
       Robe              ||     7
Dodge: Dodged            ||    29

Table legend: (Time is in decaauts)
 A = Elapsed time spent in this place.
 B = Non-inter-level travel time spent in this place.
 C = Inter-level travel time spent in this place.
 D = Time resting spent in this place.
 E = Time spent auto-exploring this place.
 F = Levels seen in this place.
 G = Mean time per level.
                   A        B        C        D        E       F      G
               +--------+--------+--------+--------+--------+-----+--------+
         Total |    182 |    182 |      0 |      0 |     87 |   1 |  182.0 |
       Dungeon |    182 |    182 |      0 |      0 |     87 |   1 |  182.0 |
               +--------+--------+--------+--------+--------+-----+--------+

Top non-repeatable levels by time:
     D:1: 182 daAuts
